[Event "Titled Tuesday Blitz November 15 Late 2022"]
[White "Brown, Andrew"]
[Black "Salman, Pavel"]
[WhiteFideId "3206513"]
[BlackFideId "24153753"]
[WhiteElo "2245"]
[BlackElo "2187"]
[Result "1-0"]
[Round "04"]
[TimeControl "180+1"]
[Date "2022.11.16"]
[WhiteClock "0:00:08"]
[BlackClock "0:00:06"]

1. d4 Nf6 2. c4 c5 3. dxc5 e6 4. g3 Bxc5 5. Bg2 Qb6 6. e3 O-O 7. Nc3 Be7 8. Nf3 Nc6 9. O-O d6 10. b3 Rd8 11. Bb2 a6 12. Qe2 Bd7 13. Rfd1 Ne5 14. Nxe5 dxe5 15. Ne4 Bc6 16. Nxf6+ Bxf6 17. Bxc6 Qxc6 18. e4 g6 19. f3 Be7 20. Kg2 f6 21. Rxd8+ Rxd8 22. Rd1 Rd7 23. h4 h5 24. Rd3 Kf7 25. Qd1 Rxd3 26. Qxd3 Qc5 27. a3 Qc7 28. b4 a5 29. c5 b6 30. cxb6 Qxb6 31. b5 a4 32. Bc1 Qc5 33. Qb1 Bd8 34. Qd3 Ke7 35. Be3 Qd6 36. Qc4 Bb6 37. Bxb6 Qxb6 38. Qxa4 Qe3 39. Qb4+ Kd7 40. Qb2 Kc7 41. a4 Kb6 42. Qc2 Ka5 43. Qf2 Qb3 44. Qa7+ Kb4 45. a5 Qa2+ 46. Kh3 Qxa5 47. b6 Qb5 48. Qa2 Qf1+ 49. Qg2 Qa6 50. Qb2+ Kc5 51. b7 Qf1+ 52. Qg2 Qb5 53. Qf2+ Kd6 54. Qd2+ Kc7 55. g4 hxg4+ 56. Kxg4 Kxb7 57. Qh6 f5+ 58. Kg5 fxe4 59. fxe4 Qd3 60. Qg7+ Kc6 61. Qxg6 Qe3+ 62. Kf6 Qf4+ 63. Ke7 Qxh4+ 64. Kxe6 Qf4 65. Qf5 Kc5 66. Qxe5+ Qxe5+ 67. Kxe5 Kc6 68. Kf6 Kd7 69. e5 Ke8 70. Ke6 Kd8 71. Kf7 Kd7 72. e6+ 1-0


[Site "https://www.chess.com"]

[Event "Titled Tuesday Blitz November 15 Late 2022"]
[White "Bulgurlu, Okan"]
[Black "Sreyas Payyappat"]
[WhiteFideId "6352316"]
[BlackFideId "46674969"]
[WhiteElo "2266"]
[BlackElo "2083"]
[Result "0-1"]
[Round "04"]
[TimeControl "180+1"]
[Date "2022.11.16"]
[WhiteClock "0:00:52"]
[BlackClock "0:00:49"]

1. e4 c6 2. Nf3 d5 3. d3 dxe4 4. dxe4 Qxd1+ 5. Kxd1 Bg4 6. Be2 Nd7 7. Be3 O-O-O 8. Nbd2 Ngf6 9. h3 Bxf3 10. Bxf3 e5 11. Ke2 Bc5 12. Nc4 Bxe3 13. Nxe3 Nc5 14. Nf5 Ncxe4 15. Nxg7 Ng5 16. Rad1 Nxf3 17. Kxf3 e4+ 18. Ke3 Rxd1 19. Rxd1 Rg8 20. Nf5 Rxg2 21. Nd6+ Kc7 22. Nxf7 Rh2 23. Ng5 h6 24. Nxe4 Rxh3+ 25. f3 Nd5+ 26. Ke2 Rh2+ 27. Nf2 h5 28. c4 Nf4+ 29. Ke3 Ng2+ 30. Ke2 Nf4+ 31. Ke3 Nh3 32. Nd3 h4 33. f4 Rg2 34. Rh1 Rg3+ 35. Ke4 Rxd3 36. f5 Nf2+ 37. Kf4 Nxh1 0-1


[Site "https://www.chess.com"]

[Event "Titled Tuesday Blitz November 15 Late 2022"]
[White "Burke, Paul"]
[Black "Sohal, Tanraj"]
[WhiteFideId "2605767"]
[BlackFideId "2608499"]
[WhiteElo "1816"]
[BlackElo "2200"]
[Result "0-1"]
[Round "04"]
[TimeControl "180+1"]
[Date "2022.11.16"]
[WhiteClock "0:00:21"]
[BlackClock "0:01:26"]

1. e4 d5 2. exd5 Qxd5 3. d4 Qd8 4. Nf3 Nf6 5. c4 g6 6. Nc3 Bg7 7. Be2 O-O 8. O-O b6 9. h3 Bb7 10. Be3 Nbd7 11. d5 c6 12. Qd2 cxd5 13. cxd5 Nc5 14. Bxc5 bxc5 15. Rfd1 Ne8 16. Rac1 Nd6 17. b3 Rc8 18. Bc4 Qa5 19. Nb1 Qb6 20. Nc3 Rfd8 21. Na4 Qb4 22. Qxb4 cxb4 23. Bf1 Rxc1 24. Rxc1 Bxd5 25. Rc7 Bxf3 26. gxf3 Nf5 27. Rxa7 h5 28. Bc4 Rd1+ 29. Kg2 Be5 30. f4 Bxf4 31. Kf3 g5 32. Rb7 Re1 33. Rxb4 Nh4# 0-1


[Site "https://www.chess.com"]

[Event "Titled Tuesday Blitz November 15 Late 2022"]
[White "Cardoso Cardoso, Jose Gabriel"]
[Black "Pichot, Alan"]
[WhiteFideId "4430492"]
[BlackFideId "110973"]
[WhiteElo "2484"]
[BlackElo "2560"]
[Result "0-1"]
[Round "04"]
[TimeControl "180+1"]
[Date "2022.11.15"]
[WhiteClock "0:00:01"]
[BlackClock "0:00:04"]

1. d4 Nf6 2. Nc3 d5 3. Bf4 Bf5 4. f3 c6 5. g4 Bg6 6. h4 h6 7. e3 e6 8. Bd3 Bxd3 9. Qxd3 Bd6 10. Nge2 Qe7 11. O-O-O Nbd7 12. g5 Nh5 13. Bxd6 Qxd6 14. f4 O-O-O 15. Kb1 Kb8 16. g6 f5 17. Ng1 Nf8 18. Nf3 Nd7 19. Ne2 Rhe8 20. Ne5 Nxe5 21. fxe5 Qc7 22. Rhg1 c5 23. Nc3 f4 24. Nb5 Qb6 25. Nd6 Rf8 26. Nf7 Rc8 27. exf4 c4 28. Qa3 Nxf4 29. Qd6+ Ka8 30. c3 Qb5 31. Ka1 Rfe8 32. Qa3 Nd3 33. Nd6 Qb6 34. Nxe8 Rxe8 35. Rgf1 a6 36. Rf8 Rxf8 37. Qxf8+ Ka7 38. Qa3 Qd8 39. Kb1 Qxh4 40. b3 Qg4 41. Rxd3 Qg1+ 42. Kb2 Qf2+ 43. Kc1 cxd3 44. Qc5+ Kb8 45. Qd6+ Kc8 46. Qxe6+ Kc7 47. Qd6+ Kc8 48. Qc5+ Kb8 49. Qd6+ Ka8 50. Qd8+ Ka7 0-1


[Site "https://www.chess.com"]

[Event "Titled Tuesday Blitz November 15 Late 2022"]
[White "Castella Garcia, Fausto"]
[Black "Gardezi, Arsal"]
[WhiteFideId "3501922"]
[BlackFideId "30949521"]
[WhiteElo "2245"]
[BlackElo "1906"]
[Result "1-0"]
[Round "04"]
[TimeControl "180+1"]
[Date "2022.11.16"]
[WhiteClock "0:02:27"]
[BlackClock "0:02:05"]

1. e4 e6 2. Nf3 d5 3. e5 c5 4. b4 cxb4 5. a3 Nc6 6. d4 Nge7 7. axb4 Nxb4 8. c3 Nbc6 9. Bd3 Ng6 10. h4 Be7 11. h5 Nf4 12. Bxf4 Qc7 13. Na3 Qa5 14. Nb5 Qb6 15. Rb1 O-O 16. h6 g6 17. Bg5 Qa5 18. Bxe7 Nxe7 19. Qd2 a6 20. Nd6 Bd7 21. O-O b5 22. Qg5 Nf5 23. Bxf5 exf5 24. Qf6 1-0


[Site "https://www.chess.com"]

[Event "Titled Tuesday Blitz November 15 Late 2022"]
[White "Chirilov, James A"]
[Black "Klenburg, Michael"]
[WhiteFideId "30976677"]
[BlackFideId "14102072"]
[WhiteElo "1790"]
[BlackElo "2405"]
[Result "0-1"]
[Round "04"]
[TimeControl "180+1"]
[Date "2022.11.16"]
[WhiteClock "0:00:03"]
[BlackClock "0:00:27"]

1. e4 d6 2. d4 Nf6 3. Nc3 g6 4. Bc4 Bg7 5. Qe2 c6 6. Nf3 O-O 7. e5 dxe5 8. dxe5 Nd5 9. Bd2 Nxc3 10. Bxc3 b5 11. Bd3 Qc7 12. h3 a5 13. a3 Be6 14. O-O Nd7 15. Ng5 Nc5 16. Nxe6 Nxe6 17. Qf3 Rab8 18. b4 axb4 19. axb4 c5 20. Qe4 cxb4 21. Bxb4 Bxe5 22. Rab1 Bf6 23. Rfe1 Nc5 24. Qd5 Nxd3 25. Qxd3 Rfd8 26. Qe2 e6 27. h4 Bxh4 28. Ra1 Bf6 29. Ra6 Rdc8 30. Ra2 Bc3 31. Rb1 Qc4 32. Qxc4 bxc4 33. Ra4 Rc6 34. Bxc3 Rxb1+ 35. Kh2 Rb8 36. Ra7 h6 37. Rd7 g5 38. Rd4 Rbc8 39. Rd7 Rf8 40. Rb7 Kh7 41. g4 Kg6 42. Kg3 Ra8 43. Rb2 Ra3 0-1


[Site "https://www.chess.com"]

[Event "Titled Tuesday Blitz November 15 Late 2022"]
[White "Crevatin, Leo"]
[Black "Sivakumar, Shaashwath"]
[WhiteFideId "1726307"]
[BlackFideId "30912156"]
[WhiteElo "2208"]
[BlackElo "2137"]
[Result "1-0"]
[Round "04"]
[TimeControl "180+1"]
[Date "2022.11.16"]
[WhiteClock "0:02:03"]
[BlackClock "0:00:08"]

1. e4 d6 2. d4 Nf6 3. Nc3 Nbd7 4. Nf3 e5 5. Be2 Be7 6. g4 Nxg4 7. Rg1 exd4 8. Nxd4 Nde5 9. Bxg4 Nxg4 10. Rxg4 Bxg4 11. Qxg4 Bf6 12. Be3 Qd7 13. Qxd7+ Kxd7 14. O-O-O Rae8 15. f3 g6 16. Nde2 Kc8 17. Bd4 Bxd4 18. Nxd4 h5 19. h4 c6 20. Rg1 Kc7 21. f4 b5 22. a3 a5 23. Re1 b4 24. Nd1 c5 25. Nf3 d5 26. Nf2 dxe4 27. Rxe4 Rxe4 28. Nxe4 Kb6 29. axb4 cxb4 30. b3 Re8 31. Ne5 Re7 32. Nd6 f6 33. Nc8+ Kc5 34. Nxe7 fxe5 35. fxe5 g5 36. hxg5 h4 37. Nf5 h3 38. Ng3 h2 39. g6 h1=Q+ 40. Nxh1 1-0


[Site "https://www.chess.com"]

[Event "Titled Tuesday Blitz November 15 Late 2022"]
[White "Curtis, John"]
[Black "Riff, Vincent"]
[WhiteFideId "3200256"]
[BlackFideId "617776"]
[WhiteElo "2203"]
[BlackElo "2369"]
[Result "0-1"]
[Round "04"]
[TimeControl "180+1"]
[Date "2022.11.16"]
[WhiteClock "0:00:02"]
[BlackClock "0:00:13"]

1. e4 c5 2. Nf3 Nc6 3. d4 cxd4 4. Nxd4 e5 5. Nb5 d6 6. Bc4 Be6 7. Bb3 Nf6 8. Bg5 Qa5+ 9. N1c3 Nxe4 10. Bd2 Nxd2 11. Qxd2 Bxb3 12. cxb3 a6 13. Na3 Be7 14. Nc4 Qd8 15. Nd5 O-O 16. Ncb6 Rb8 17. O-O Nd4 18. f4 Re8 19. Rae1 Bf8 20. a4 Nxb3 21. Qd1 Nd4 22. f5 Qg5 23. b4 Nxf5 24. Qf3 Nh6 25. Nd7 Rbd8 26. N7b6 Kh8 27. Re4 f5 28. Ree1 e4 29. Qb3 Re5 30. h3 Rde8 31. Nc7 R8e7 32. Nbd5 Rd7 33. Na8 Re6 34. Nab6 Rf7 35. Nf4 Ref6 36. Nfd5 Rg6 37. Nf4 Qf6 38. Re2 Rg5 39. Nfd5 Qd4+ 40. Kh1 f4 41. Rxf4 Rxf4 42. Nxf4 Qa1+ 43. Kh2 Qe5 44. g3 Be7 45. Nd7 Qf5 46. Qe6 Qxe6 47. Nxe6 Rf5 48. Rxe4 Ng8 49. g4 Rf2+ 50. Kg3 Rb2 51. h4 d5 52. Rd4 Rb3+ 53. Kg2 Rxb4 54. Rxd5 Rxg4+ 55. Kf3 Rxa4 56. Ne5 h6 57. Ng6+ Kh7 58. h5 Nf6 59. Rf5 Ra3+ 60. Ke2 Bd6 61. Nef8+ Bxf8 62. Nxf8+ Kg8 63. Ng6 Ra4 64. Nf4 Re4+ 65. Kf3 Re8 66. Rc5 Nd7 67. Rc7 Re7 68. Rxb7 Ne5+ 69. Kg3 Rxb7 70. Ne6 Rb3+ 71. Kf4 Rb5 72. Kf5 Nf7+ 73. Kf4 Re5 74. Nc7 Rxh5 75. Nxa6 Rg5 76. Nc7 Nh8 77. Ne6 Kf7 0-1


[Site "https://www.chess.com"]

[Event "Titled Tuesday Blitz November 15 Late 2022"]
[White "Deac, Bogdan-Daniel"]
[Black "Espinosa, Pedro"]
[WhiteFideId "1226380"]
[BlackFideId "30921066"]
[WhiteElo "2648"]
[BlackElo "2016"]
[Result "1-0"]
[Round "04"]
[TimeControl "180+1"]
[Date "2022.11.16"]
[WhiteClock "0:00:35"]
[BlackClock "0:00:02"]

1. b3 d5 2. Bb2 Nf6 3. e3 Bf5 4. c4 c6 5. cxd5 cxd5 6. Nf3 e6 7. Bb5+ Nbd7 8. Nh4 Be4 9. Nc3 a6 10. Be2 Bg6 11. O-O Bd6 12. f4 O-O 13. f5 Bxf5 14. Nxf5 exf5 15. Rxf5 d4 16. exd4 Re8 17. Bd3 b5 18. Kh1 Qb6 19. Qg1 Rad8 20. Raf1 Qc7 21. g3 Nf8 22. Rxf6 gxf6 23. Nd5 Qb7 24. Qg2 Kh8 25. Nxf6 Qxg2+ 26. Kxg2 Re7 27. Ne4 Bb8 28. d5+ Be5 29. d6 Ree8 30. Bxe5+ Rxe5 31. Rxf7 Ne6 32. Re7 Kg8 33. Nf6+ Kf8 34. Nxh7+ Kg8 35. Nf6+ Kf8 36. Nd7+ Kg8 37. Nxe5 Rxd6 38. Bh7+ Kf8 39. Ng6# 1-0


[Site "https://www.chess.com"]

[Event "Titled Tuesday Blitz November 15 Late 2022"]
[White "Do Nascimento,Christian Almeida"]
[Black "Liu, Kelsey"]
[WhiteFideId "2143801"]
[BlackFideId "30944481"]
[WhiteElo "2079"]
[BlackElo "2312"]
[Result "1-0"]
[Round "04"]
[TimeControl "180+1"]
[Date "2022.11.16"]
[WhiteClock "0:00:13"]
[BlackClock "0:00:01"]

1. e4 c5 2. Nf3 e6 3. d4 cxd4 4. Nxd4 Nc6 5. Nc3 Nf6 6. Be3 Bb4 7. Bd3 O-O 8. O-O e5 9. Nf5 Bxc3 10. bxc3 d5 11. exd5 Nxd5 12. Bd2 Re8 13. Qf3 Be6 14. Rfe1 Qd7 15. Rad1 Qc7 16. Qg3 f6 17. a3 Rad8 18. c4 Nf4 19. Bxf4 exf4 20. Qg4 Kh8 21. Rxe6 Rxe6 22. Nxg7 Re7 23. Nf5 Ree8 24. Qh4 Rf8 25. Re1 Nd4 26. Re7 1-0


[Site "https://www.chess.com"]

[Event "Titled Tuesday Blitz November 15 Late 2022"]
[White "Eljanov, Pavel"]
[Black "Janaszak, Dawid"]
[WhiteFideId "14102951"]
[BlackFideId "1119206"]
[WhiteElo "2601"]
[BlackElo "2226"]
[Result "1-0"]
[Round "04"]
[TimeControl "180+1"]
[Date "2022.11.16"]
[WhiteClock "0:01:07"]
[BlackClock "0:00:02"]

1. c4 e6 2. g3 d5 3. Bg2 Nf6 4. Nf3 Be7 5. O-O O-O 6. d3 c5 7. Ne5 Nbd7 8. Nxd7 Bxd7 9. e4 Bc6 10. e5 Nd7 11. cxd5 Bxd5 12. Bxd5 exd5 13. d4 cxd4 14. Qxd4 Nc5 15. Nc3 Ne6 16. Qxd5 Qc7 17. Be3 Rfd8 18. Qe4 Bc5 19. Rfd1 Bxe3 20. Qxe3 Qc6 21. Ne4 Qc2 22. Nd6 Qxb2 23. Rab1 Qxa2 24. Rxb7 Qa4 25. Rc1 Rf8 26. Rxf7 Rxf7 27. Nxf7 Rf8 28. Nd6 h6 29. h4 Nd4 30. Rc4 Nf3+ 31. Kg2 Qd7 32. Rf4 Rxf4 33. Qxf4 Ne1+ 34. Kf1 Nd3 35. Qc4+ Kh8 36. Qxd3 1-0


[Site "https://www.chess.com"]

[Event "Titled Tuesday Blitz November 15 Late 2022"]
[White "Fernandez De La Vara, Arnaldo"]
[Black "Jimenez Almeida, Luis David"]
[WhiteFideId "3518388"]
[BlackFideId "22242244"]
[WhiteElo "2387"]
[BlackElo "2158"]
[Result "1-0"]
[Round "04"]
[TimeControl "180+1"]
[Date "2022.11.16"]
[WhiteClock "0:01:58"]
[BlackClock "0:02:25"]

1. Nf3 d5 2. g3 Nf6 3. Bg2 e6 4. c4 Be7 5. b3 d4 6. b4 Bxb4 7. Qa4+ Nc6 8. Ne5 a5 9. Nxc6 bxc6 10. Qxc6+ Bd7 11. Qxa8 Qxa8 12. Bxa8 c6 13. Bb7 Ke7 14. c5 1-0


[Site "https://www.chess.com"]

[Event "Titled Tuesday Blitz November 15 Late 2022"]
[White "Fernandez Guillen, Ernesto J."]
[Black "Alekseenko, Kirill"]
[WhiteFideId "3512428"]
[BlackFideId "4135539"]
[WhiteElo "2450"]
[BlackElo "2682"]
[Result "0-1"]
[Round "04"]
[TimeControl "180+1"]
[Date "2022.11.15"]
[WhiteClock "0:00:04"]
[BlackClock "0:00:02"]

1. e4 e5 2. Nf3 Nc6 3. d4 exd4 4. Bc4 Nf6 5. O-O Nxe4 6. Re1 d5 7. Bxd5 Qxd5 8. Nc3 Qd7 9. Nxe4 Be7 10. Bg5 O-O 11. Bxe7 Nxe7 12. Nxd4 Ng6 13. c3 b6 14. Qf3 Rb8 15. Rad1 Bb7 16. Nf5 Qa4 17. Rd4 Qxa2 18. h4 Qe6 19. Re3 Kh8 20. h5 Ne7 21. Nfg3 h6 22. c4 Rbe8 23. Qf4 Qc6 24. b4 a6 25. b5 axb5 26. cxb5 Qxb5 27. Kh2 Nd5 28. Qf5 Qc6 29. Red3 Nf6 30. f3 Bc8 31. Qf4 Nxe4 32. Nxe4 Qb5 33. Ng3 c5 34. Rd6 Qb2 35. Ne4 Qe5 36. Qxe5 Rxe5 37. Rxb6 Rxh5+ 38. Kg3 Re5 39. Rc3 Be6 40. Rxc5 Rxc5 41. Nxc5 Bf5 42. f4 Kh7 43. Kf3 Rc8 44. Rb5 Ra8 45. Rb3 Ra5 46. Rc3 h5 47. g3 Bg4+ 48. Ke4 Ra2 49. Ke5 Re2+ 50. Kd6 f6 51. Kd5 Kg6 52. Kd4 Bf5 53. Re3 Rd2+ 54. Kc3 Rc2+ 55. Kd4 Rf2 56. Nb3 h4 57. gxh4 Rxf4+ 58. Kd5 Rxh4 59. Nd4 Bg4 60. Rg3 f5 61. Ke5 Rh3 62. Nxf5 Rxg3 63. Nxg3 Kg5 64. Ke4 Kh4 65. Kf4 g5+ 66. Ke3 Kxg3 0-1


[Site "https://www.chess.com"]

[Event "Titled Tuesday Blitz November 15 Late 2022"]
[White "Fernandez Siles, Luis"]
[Black "Sailer, Mike"]
[WhiteFideId "2209420"]
[BlackFideId "2012901"]
[WhiteElo "2186"]
[BlackElo "2109"]
[Result "0-1"]
[Round "04"]
[TimeControl "180+1"]
[Date "2022.11.16"]
[WhiteClock "0:00:01"]
[BlackClock "0:00:03"]

1. d4 d5 2. c4 Bf5 3. Nc3 e6 4. Nf3 Nc6 5. e3 Nb4 6. e4 dxe4 7. Ng5 e3 8. Nge4 exf2+ 9. Kxf2 Nf6 10. Ng3 Ng4+ 11. Kf3 Nc2 12. Nxf5 Nxa1 13. Ng3 h5 14. Bf4 Bd6 15. Bxd6 Qxd6 16. Be2 O-O-O 17. Nce4 Qb6 18. Qxa1 Qxd4 19. Qg1 Qxb2 20. Qxa7 Qe5 21. Qa8+ Kd7 22. Qxb7 f5 23. Qb5+ Ke7 24. Qxe5 Nxe5+ 25. Kf4 Nf7 26. Ng5 Kf6 27. Nxf7 Kxf7 28. Rd1 Kf6 29. Rxd8 g5+ 30. Kf3 Rxd8 31. c5 e5 32. Nxh5+ Kg6 33. Ng3 e4+ 34. Nxe4 fxe4+ 35. Kxe4 Rd2 36. Bf3 Rxa2 37. Kd5 Rd2+ 38. Kc6 Rc2 39. h3 Kf5 40. Kb5 Kf4 41. c6 Kg3 42. Ka6 Rb2 43. Ka7 Kf4 44. Bg4 Kg3 45. Bc8 Rxg2 0-1


[Site "https://www.chess.com"]

[Event "Titled Tuesday Blitz November 15 Late 2022"]
[White "Figorito, Nick"]
[Black "Vargas, Mauricio"]
[WhiteFideId "30923689"]
[BlackFideId "4404572"]
[WhiteElo "2349"]
[BlackElo "2025"]
[Result "1-0"]
[Round "04"]
[TimeControl "180+1"]
[Date "2022.11.16"]
[WhiteClock "0:00:54"]
[BlackClock "0:00:26"]

1. Nf3 Nc6 2. e4 d6 3. h3 g6 4. Bc4 Bg7 5. O-O Nf6 6. d3 O-O 7. a4 e6 8. Nc3 Ne7 9. Bg5 c6 10. Qd2 a6 11. Bh6 b5 12. axb5 cxb5 13. Bxg7 Kxg7 14. Bxb5 Bb7 15. Bc4 d5 16. exd5 exd5 17. Bb3 Re8 18. Nd4 Nc6 19. Nxc6 Bxc6 20. Rfe1 d4 21. Ne2 Qd6 22. Qf4 Qd7 23. Nxd4 Bb7 24. Nf3 Qc6 25. Qg3 Nh5 26. Qh2 a5 27. Ne5 Qc5 28. Nxf7 a4 29. Bc4 1-0


[Site "https://www.chess.com"]

[Event "Titled Tuesday Blitz November 15 Late 2022"]
[White "Garcia Pantoja, Roberto"]
[Black "Golubev, Mikhail"]
[WhiteFideId "3509265"]
[BlackFideId "14100983"]
[WhiteElo "2524"]
[BlackElo "2374"]
[Result "1-0"]
[Round "04"]
[TimeControl "180+1"]
[Date "2022.11.16"]
[WhiteClock "0:00:33"]
[BlackClock "0:00:01"]

1. e4 c5 2. Nf3 d6 3. d4 cxd4 4. Nxd4 Nf6 5. Nc3 g6 6. Be3 Bg7 7. f3 Nc6 8. Qd2 O-O 9. Bc4 Bd7 10. h4 Ne5 11. Bb3 h5 12. O-O-O Rc8 13. Kb1 Nc4 14. Bxc4 Rxc4 15. g4 hxg4 16. h5 Nxh5 17. Rdg1 Rxd4 18. Bxd4 e5 19. Bxa7 gxf3 20. Nd5 f5 21. Rxg6 Be8 22. Rg5 fxe4 23. Rhg1 Qd7 24. Qh2 Qe6 25. c4 Qf7 26. Bf2 b5 27. Qh4 bxc4 28. Rxg7+ Nxg7 29. Ne7+ Qxe7 30. Qxe7 1-0


[Site "https://www.chess.com"]

[Event "Titled Tuesday Blitz November 15 Late 2022"]
[White "Garcia Ramos, Daniel"]
[Black "Bluebaum, Matthias"]
[WhiteFideId "32010311"]
[BlackFideId "24651516"]
[WhiteElo "2357"]
[BlackElo "2633"]
[Result "0-1"]
[Round "04"]
[TimeControl "180+1"]
[Date "2022.11.15"]
[WhiteClock "0:00:03"]
[BlackClock "0:00:09"]

1. e4 e6 2. d4 d5 3. exd5 exd5 4. Nf3 Nc6 5. Bd3 Bd6 6. O-O Nge7 7. h3 Bf5 8. Nc3 Qd7 9. Re1 f6 10. Nxd5 O-O-O 11. Nxe7+ Nxe7 12. c4 Bb4 13. Bd2 Bd6 14. Bxf5 Nxf5 15. Qc2 g5 16. d5 Rhg8 17. Re6 Ng7 18. Rxf6 g4 19. hxg4 Qxg4 20. Re1 Kb8 21. Qe4 Qd7 22. Ng5 Rde8 23. Ne6 Nxe6 24. Rxe6 Rc8 25. b4 Qg7 26. c5 Bf8 27. Bh6 Qf7 28. Bf4 a6 29. a4 h5 30. b5 Bxc5 31. b6 Rg4 32. bxc7+ Ka8 33. Re8 Bxf2+ 34. Kf1 Rxf4 35. Rxc8+ Ka7 36. Ra8+ Kxa8 37. c8=Q+ Ka7 38. Qee8 Bg3+ 39. Kg1 Bf2+ 40. Kf1 Bb6+ 41. Ke2 Rf2+ 42. Kd3 Qxd5+ 43. Kc3 Ba5# 0-1


[Site "https://www.chess.com"]

[Event "Titled Tuesday Blitz November 15 Late 2022"]
[White "Gasparyan, David"]
[Black "Nasuta, Grzegorz"]
[WhiteFideId "13311980"]
[BlackFideId "1141686"]
[WhiteElo "2300"]
[BlackElo "2440"]
[Result "1-0"]
[Round "04"]
[TimeControl "180+1"]
[Date "2022.11.16"]
[WhiteClock "0:00:18"]
[BlackClock "0:00:04"]

1. Nf3 d5 2. d4 Nf6 3. Bf4 c5 4. e3 Nc6 5. c3 Qb6 6. Qc1 Bf5 7. a4 c4 8. Nbd2 h6 9. h3 e6 10. g4 Bg6 11. Be2 Be7 12. Bd1 Na5 13. Bc2 Bxc2 14. Qxc2 Rc8 15. O-O Nb3 16. Rab1 Nxd2 17. Nxd2 Qc6 18. f3 Nd7 19. e4 dxe4 20. fxe4 e5 21. Be3 Bg5 22. Rbe1 Bxe3+ 23. Rxe3 O-O 24. Nf3 Rfe8 25. Nh4 exd4 26. cxd4 g6 27. Qf2 Re7 28. Nf3 Rf8 29. Nd2 Qxa4 30. e5 Qc6 31. Ne4 Qd5 32. Rd1 Re6 33. Nc3 Qa5 34. Qf4 b5 35. Qxh6 b4 36. Ne4 Qd5 37. Ng5 Rxe5 38. Qh7# 1-0


[Site "https://www.chess.com"]

[Event "Titled Tuesday Blitz November 15 Late 2022"]
[White "Ghazarian, Kirk"]
[Black "Melikhov, Evgeny V."]
[WhiteFideId "30908604"]
[BlackFideId "4122046"]
[WhiteElo "2346"]
[BlackElo "2169"]
[Result "1-0"]
[Round "04"]
[TimeControl "180+1"]
[Date "2022.11.16"]
[WhiteClock "0:01:20"]
[BlackClock "0:00:06"]

1. d4 Nf6 2. Nf3 d5 3. c3 c5 4. dxc5 e6 5. b4 a5 6. Ba3 b6 7. cxb6 axb4 8. Bxb4 Bxb4 9. cxb4 Qxb6 10. a3 O-O 11. e3 Ne4 12. Bd3 Ba6 13. O-O Nc6 14. Bxa6 Rxa6 15. Nbd2 Rfa8 16. Nxe4 dxe4 17. Ng5 Rxa3 18. Rxa3 Rxa3 19. Qh5 Nd8 20. Qxh7+ Kf8 21. Qh8+ Ke7 22. Qxg7 Qxb4 23. h4 Rb3 24. Nh7 Rb1 25. Qf8+ Kd7 26. Nf6+ Kc8 27. Qxb4 Rxb4 28. Rc1+ Kb7 29. h5 Rb5 30. h6 1-0


[Site "https://www.chess.com"]

[Event "Titled Tuesday Blitz November 15 Late 2022"]
[White "Girsh, Daniel"]
[Black "Grot, Blazej"]
[WhiteFideId "30949190"]
[BlackFideId "21835845"]
[WhiteElo "2075"]
[BlackElo "1822"]
[Result "0-1"]
[Round "04"]
[TimeControl "180+1"]
[Date "2022.11.16"]
[WhiteClock "0:00:32"]
[BlackClock "0:00:15"]

1. e4 d6 2. d4 Nf6 3. Nc3 c6 4. f4 Qa5 5. Bd3 e5 6. fxe5 dxe5 7. dxe5 Ng4 8. Nf3 Nd7 9. Qe2 Bc5 10. Bd2 Ndxe5 11. O-O-O Nxd3+ 12. cxd3 Nf2 13. d4 Nxd1 14. Rxd1 Bb4 15. a3 Bxc3 16. Bxc3 Qh5 17. d5 O-O 18. d6 Bg4 19. Kb1 Rad8 20. h3 Bxf3 21. gxf3 Qxh3 22. e5 Rfe8 23. Ka1 Qe6 24. f4 g6 25. Rh1 Qf5 26. Rh6 Qxf4 27. Rh3 Rxd6 28. Rf3 Qc1+ 29. Ka2 Rde6 30. Qf2 R8e7 31. Qh4 Qd1 32. Rh3 Qd5+ 33. Ka1 h5 34. Rg3 Rxe5 35. Bxe5 Qxe5 36. Ka2 Kg7 37. Rd3 Qe6+ 38. Rb3 b5 39. Qg3 a5 40. Qc3+ Kh7 41. Qxa5 Rd7 42. Qc3 h4 43. Qf3 h3 44. Qxh3+ Qxh3 45. Rxh3+ Kg7 46. Rc3 Rd6 47. Kb3 g5 48. Kb4 f5 49. Kc5 Rg6 50. Rf3 Kf6 51. Kd4 g4 52. Rf1 g3 53. Ke3 Ke5 54. Kf3 g2 55. Re1+ Kd4 56. Rd1+ Kc4 57. b3+ Kxb3 58. Rd3+ Kc2 59. Rd6 Rxd6 60. Kxg2 Rd3 61. Kf2 Rxa3 62. Ke2 Rc3 63. Kf2 b4 64. Ke2 Rd3 65. Kf2 Kd2 66. Kg2 Re3 67. Kf2 Kd3 68. Kg2 b3 69. Kf2 b2 70. Kg2 b1=Q 71. Kf2 Qc2+ 72. Kf1 Qd1+ 73. Kf2 Qd2+ 74. Kf1 Re1# 0-1


[Site "https://www.chess.com"]

[Event "Titled Tuesday Blitz November 15 Late 2022"]
[White "Gokerkan, Cem Kaan"]
[Black "Adury, Anant"]
[WhiteFideId "6336760"]
[BlackFideId "30964687"]
[WhiteElo "2365"]
[BlackElo "2264"]
[Result "1-0"]
[Round "04"]
[TimeControl "180+1"]
[Date "2022.11.15"]
[WhiteClock "0:00:19"]
[BlackClock "0:00:02"]

1. c4 d6 2. d4 Nf6 3. Nc3 e5 4. Nf3 Nc6 5. d5 Ne7 6. e4 Ng6 7. g3 Be7 8. h4 Bg4 9. Be2 h5 10. Be3 a5 11. Ng5 Bxe2 12. Qxe2 Ng4 13. Bd2 Qd7 14. O-O-O Nf6 15. Kb1 Nh7 16. Nxh7 Rxh7 17. Rc1 Qg4 18. Qd3 Qd7 19. Be3 b6 20. Nb5 Bd8 21. Rce1 Ne7 22. f4 Ng6 23. f5 Ne7 24. a3 Nc8 25. Ref1 Na7 26. Nc3 Bf6 27. Qe2 Rh8 28. Rhg1 Ke7 29. Bg5 Rhb8 30. a4 Rh8 31. g4 hxg4 32. Qxg4 Rh7 33. Rg2 Rah8 34. Rh1 Rh5 35. Rhg1 Qe8 36. Qd1 Qg8 37. Qb3 Qe8 38. Qa3 Qd7 39. Rg3 Qe8 40. b4 axb4 41. Qxb4 Rxh4 42. Bxh4 Rxh4 43. a5 Qb8 44. axb6 Nc8 45. c5 cxb6 46. c6 Qc7 47. Nb5 Qb8 48. Ra3 Rh2 49. Qa4 1-0


[Site "https://www.chess.com"]

[Event "Titled Tuesday Blitz November 15 Late 2022"]
[White "Goltsev, Dmitry"]
[Black "Tsydypov, Zhamsaran"]
[WhiteFideId "24176710"]
[BlackFideId "4108566"]
[WhiteElo "2289"]
[BlackElo "2591"]
[Result "0-1"]
[Round "04"]
[TimeControl "180+1"]
[Date "2022.11.15"]
[WhiteClock "0:00:01"]
[BlackClock "0:01:41"]

1. e4 c6 2. d4 d5 3. Nc3 dxe4 4. Nxe4 Nf6 5. Ng3 g6 6. Nf3 Bg7 7. c3 O-O 8. Bd3 c5 9. dxc5 Qc7 10. O-O Qxc5 11. Ne4 Qc7 12. Re1 Nd5 13. Ng3 Rd8 14. Qe2 Nc6 15. Bd2 Bg4 16. h3 Bxf3 17. Qxf3 Ne5 18. Qe2 Nxc3 19. Bxc3 Nxd3 20. Qxe7 Rd7 21. Qe8+ Rxe8 22. Rxe8+ Bf8 23. Ne4 f5 24. Ng5 Re7 25. Ra8 Qb6 26. Rf1 Re2 27. Nxh7 Kxh7 28. Rxf8 Kh6 29. Rh8+ Kg5 30. h4+ Kg4 31. Kh2 Rxf2 32. Rd1 Qc7+ 33. Kh1 Qg3 34. Rh6 Qxg2# 0-1


[Site "https://www.chess.com"]